Map: [ESL] Berlingrad

Players

SKillous

  • Race: Protoss Protoss

Nice - Winner!

  • Race: Protoss Protoss

Event: IEM Katowice 2022

VOD

Have the link to the VOD?

Description

Time

  • Played on: Feb. 23, 2022, 7:53 a.m.
  • Length: 9:42

All games in this series

Show
View Real Time Build Order
Export as new Build Order

SKillous Protoss 

Build Orders:  

Get SALT Encoding   

  12  0:00  Probe  
  13  0:12  Probe  
  14  0:17  Pylon  
  14  0:24  Probe (Chrono Boost)  
  15  0:36  Probe (Chrono Boost)  
  15  0:39  Gateway  
  16  0:44  Probe (Chrono Boost)  
  16  0:45  Assimilator  
  17  0:50  Probe  
  17  0:56  Assimilator  
  18  1:03  Probe (Chrono Boost)  
  19  1:07  Gateway  
  20  1:12  Probe (Chrono Boost)  
  20  1:17  Probe (Chrono Boost)  
  21  1:26  Cybernetics Core  
  21  1:29  Probe  
  22  1:34  Pylon  
  22  1:41  Probe  
  23  2:02  Robotics Facility  
  23  2:03  Stalker  
  25  2:09  Warp Gate  
  25  2:10  Pylon  
  25  2:13  Stalker  
  27  2:33  Stalker  
  29  2:43  Stalker  
  31  2:47  Immortal (Chrono Boost)  
  35  2:55  Shield Battery  
  35  3:10  Pylon  
  34  3:19  Warp Prism (Chrono Boost)  
  36  3:33  Gateway  
  36  3:45  Probe  
  36  3:47  Immortal  
  41  4:02  Sentry x2  
  45  4:07  Pylon  
  45  4:27  Stalker x2  
  45  4:30  Stalker  
  51  4:34  Observer  
  52  4:50  Stalker  
  54  4:59  Pylon  
  54  5:08  Probe  
  52  5:18  Stalker  
  52  5:20  Probe (Chrono Boost)  
  49  5:32  Probe (Chrono Boost)  
  50  5:41  Probe (Chrono Boost)  
  51  5:46  Probe (Chrono Boost)  
  52  5:50  Sentry  
  54  5:59  Probe  
  55  6:09  Observer  
  55  6:11  Probe  
  55  6:21  Stargate  
  55  6:23  Probe  
  56  6:29  Adept  
  58  6:35  Adept  
  58  6:39  Probe  
  62  6:56  Pylon  
  61  7:04  Probe  
  62  7:08  Observer  
  62  7:17  Pylon  
  62  7:19  Pylon  
  62  7:21  Phoenix (Chrono Boost)  
  61  7:26  Probe  
  60  7:47  Adept x2  
  60  7:50  Adept  
  65  7:58  Observer  
  65  8:01  Observer  
  65  8:09  Sentry x2  
  65  8:10  Sentry  
  65  8:12  Pylon  
  71  8:13  Probe  
  72  8:33  Probe  
  73  8:36  Adept x2  
  73  8:38  Adept  
  69  9:01  Adept x3  
  61  9:22  Adept x3  
Show
View Real Time Build Order
Export as new Build Order

Nice Protoss - Winner!

Build Orders: Oracle Opening 

Get SALT Encoding   

  12  0:00  Probe  
  13  0:12  Probe  
  14  0:17  Pylon  
  14  0:24  Probe (Chrono Boost)  
  16  0:36  Probe (Chrono Boost)  
  16  0:39  Gateway  
  16  0:43  Probe (Chrono Boost)  
  16  0:45  Assimilator  
  17  0:51  Probe  
  17  0:54  Assimilator  
  18  1:03  Probe (Chrono Boost)  
  19  1:06  Gateway  
  19  1:12  Probe (Chrono Boost)  
  19  1:17  Probe (Chrono Boost)  
  21  1:26  Cybernetics Core  
  21  1:29  Probe  
  22  1:34  Pylon  
  22  1:41  Probe  
  23  1:53  Probe  
  24  2:05  Stargate  
  24  2:08  Adept x2  
  28  2:12  Warp Gate  
  28  2:19  Pylon  
  28  2:38  Adept x2  
  32  2:47  Oracle (Chrono Boost)  
  35  2:53  Shield Battery  
  35  2:57  Shield Battery  
  35  3:10  Void Ray (Chrono Boost)  
  39  3:27  Shield Battery  
  39  3:40  Robotics Facility  
  39  3:44  Pylon  
  38  4:03  Oracle  
  38  4:05  Shield Battery  
  38  4:07  Pylon  
  41  4:13  Gateway  
  41  4:17  Stalker, Zealot  
  45  4:25  Pylon  
  45  4:29  Immortal (Chrono Boost)  
  49  4:50  Gateway  
  49  4:51  Pylon  
  49  5:01  Zealot, Observer  
  50  5:24  Warp Prism  
  52  5:28  Stalker  
  52  5:32  Cybernetics Core  
  52  5:53  Pylon  
  52  5:58  Immortal (Chrono Boost)  
  56  6:08  Sentry x2  
  56  6:09  Stalker  
  62  6:32  Immortal  
  66  6:42  Adept x2  
  70  6:54  Pylon  
  70  6:57  Pylon  
  70  7:13  Immortal  
  74  7:30  Observer  
  74  7:32  Nexus  
  74  7:37  Pylon  
  74  7:38  Probe  
  75  7:51  Probe  
  76  7:54  Observer  
  76  7:57  Shield Battery  
  77  8:05  Twilight Council, Observer  
  77  8:16  Sentry x2  
  77  8:19  Probe  
  82  8:25  Shield Battery  
  83  8:49  Adept  
  83  8:50  Adept  
  84  9:03  Adept  
  80  9:22  Stalker x2  

Tags
 
Add a new tag
Caveats
  • Supply blocks, unpowered buildings, or Contaminate may cause inaccurate times.
  • Supply counts are checked every 10 seconds.